 Dungeon Crawl Stone Soup version 0.31-a0-198-g2ad674f65e (webtiles) character file.

Game seed: 17793682252995023457

73 qw the Shooter (level 4, -5/25 HPs)
             Began as a Deep Elf Hunter on June 25, 2023.
             Killed from afar by Terence (10 damage)
             ... with a puff of flame
             ... on level 3 of the Dungeon.
             The game lasted 00:00:33 (1580 turns).

qw the Shooter (Deep Elf Hunter)                    Turns: 1580, Time: 00:00:33

Health: -5/25      AC:  5    Str: 10    XL:     4   Next: 8%
Magic:  6/6        EV: 11    Int: 14    God:
Gold:   123        SH:  0    Dex: 18    Spells: 3/3 levels left

rFire   . . .        Y - +0 shortbow
rCold   . . .        (shield currently unavailable)
rNeg    + . .        g - +0 ring mail
rPois   .            (no helmet)
rElec   .            (no cloak)
rCorr   +            (no gloves)
SInv    .            (no boots)
Will    .....        (no amulet)
Stlth   +            k - ring of positive energy
HPRegen 0.24/turn    l - ring of resist corrosion
MPRegen 0.10/turn

%: no passive effects
@: about to teleport
A: no striking features
a: no special abilities


You were on level 3 of the Dungeon.
You visited 1 branch of the dungeon, and saw 3 of its levels.

You collected 123 gold pieces.


   Skills:
 - Level 1.5 Fighting
 + Level 7.5 Ranged Weapons
 - Level 2.4 Dodging
 - Level 1.2 Stealth


You had 3 spell levels left.
You didn't know any spells.
Your spell library was empty.

Inventory:

Hand Weapons
 Y - a +0 shortbow (weapon)
Armour
 g - a +0 ring mail (worn)
Jewellery
 k - a ring of positive energy (left hand)
 l - a ring of resist corrosion (right hand)
Potions
 a - a potion of might
 e - 2 potions of curing
 f - a potion of lignification {unknown}
 h - a potion of heal wounds {unknown}
 j - a potion of enlightenment {unknown}

Dungeon Overview and Level Annotations

Branches:
Dungeon (3/15)

Altars:
Yredelemnul

Annotations:
D:3 Terence


Message History

Enter note:
Enter note: Terence the Incautious comes into view.
He is wielding a +0 hand axe and carrying a wand of flame (24).
Enter note:
Enter note: You shoot an arrow.
The arrow hits Terence but does no damage.
Terence shouts!
You shoot an arrow. The arrow closely misses Terence.
Terence zaps a wand.
The puff of flame misses you.
You shoot an arrow. The arrow closely misses Terence.
An endoplasm comes into view.
You shoot an arrow.
The arrow hits Terence but does no damage.
You shoot an arrow. The arrow closely misses Terence.
Terence zaps a wand.
The puff of flame hits you.
A goblin comes into view. It is wielding a +0 dagger.
You shoot an arrow. The goblin shouts!
The arrow hits Terence but does no damage.
You shoot an arrow. The arrow hits Terence.
Terence is moderately wounded.
Terence zaps a wand.
The puff of flame hits you.
You shoot an arrow. The arrow barely misses Terence.
The arrow hits the endoplasm.
The endoplasm is moderately wounded.
You shoot an arrow. The arrow barely misses Terence.
The arrow barely misses the endoplasm.
Terence barely misses you.
You shoot an arrow. The arrow closely misses Terence.
The arrow barely misses the endoplasm.
The arrow barely misses the goblin.
Terence zaps a wand.
The puff of flame hits you!
You shoot an arrow. The arrow hits Terence.
Terence is moderately wounded.
Terence completely misses you. Terence hits you with a +0 hand axe.
1580 ||| READING scroll of teleportation.
As you read the scroll of teleportation, it crumbles to dust.
You feel strangely unstable.
Terence zaps a wand.
The puff of flame hits you!
You die...

##.#####..
##........ ..#
.......... ...
##........
..#.###..# ..
.#.#####..
#.##.#.#.##.. .<.#
. .g..........
.### #J##......##
.# #@##.......# .#
#@##.......#######
.#
#.##.............#
##
#.........#.####.#
######...##[##....
##........#.#
#####.####.#
#......# ########


You could see Terence, an endoplasm and a goblin.

Vanquished Creatures
  3 adders
  3 worms
  A dart slug (D:3)
  6 ball pythons
  3 endoplasms
  A giant cockroach (D:2)
  2 goblins
  5 hobgoblins
  A jackal (D:2)
  3 kobolds (D:2)
  3 bats (D:2)
  A frilled lizard (D:2)
  3 rats
35 creatures vanquished.

Notes
Turn   | Place    | Note
-------+----------+-------------------------------------------
     0 | D:1      | qw the Deep Elf Hunter began the quest for the Orb.
     0 | D:1      | Reached XP level 1. HP: 12/12 MP: 3/3
     0 | D:1      | 0 ||| qw: Version: 0.3-a-22-g0ed2b0b
     0 | D:1      | 0 ||| qw: Game counter: 5388
     0 | D:1      | 0 ||| qw: Melee chars always use a shield: true
     0 | D:1      | 0 ||| qw: God list: Okawaru
     0 | D:1      | 0 ||| qw: Allow faded altars: false
     0 | D:1      | 0 ||| qw: Do Orc after clearing Dungeon:15 true
     0 | D:1      | 0 ||| qw: Do second Lair branch before Depths: true
     0 | D:1      | 0 ||| qw: Lair rune preference: random
     0 | D:1      | 0 ||| qw: Goals: Normal
     0 | D:1      | 0 ||| PLANNING D:1-11
   720 | D:1      | 720 ||| UPGRADING to +0 ring mail.
   730 | D:1      | 730 ||| DROPPING +0 leather armour.
   731 | D:1      | 731 ||| UPGRADING to ring of positive energy.
   732 | D:1      | 732 ||| UPGRADING to ring of resist corrosion.
   733 | D:1      | 733 ||| READING scroll labelled XUM MIPSOSTEM.
   734 | D:1      | 734 ||| READING scroll labelled JAGAMO RAIH.
   739 | D:1      | 739 ||| DRINKING 2 sapphire potions.
   740 | D:1      | 740 ||| DRINKING 3 inky potions.
   741 | D:1      | 741 ||| DROPPING scroll of butterflies.
   742 | D:1      | 742 ||| DROPPING potion of invisibility.
   866 | D:2      | Reached skill level 6 in Ranged Weapons
   866 | D:2      | Reached XP level 2. HP: 16/16 MP: 4/4
  1114 | D:2      | Reached XP level 3. HP: 15/20 MP: 5/5
  1236 | D:2      | Reached skill level 7 in Ranged Weapons
  1238 | D:2      | Found a basalt altar of Yredelemnul.
  1295 | D:2      | 1295 ||| READING scroll labelled HEL WYMEJOLUNU.
  1296 | D:2      | 1296 ||| READING scroll labelled GOREEFA GIZ.
  1297 | D:2      | 1297 ||| DRINKING 2 blue potions.
  1332 | D:3      | Identified the +0 dagger of Zukenuwn {vamp, Dex+4}
  1446 | D:3      | Reached XP level 4. HP: 12/25 MP: 6/6
  1568 | D:3      | Noticed Terence
  1579 | D:3      | HP: 5/25 [Terence/+0 hand axe (4)]
  1580 | D:3      | 1580 ||| READING scroll of teleportation.
  1580 | D:3      | Killed from afar by Terence

Levels and vault maps discovered:
D:1:      psy_arrival_fountain, layout_basic, minmay_pentomino_z2
D:2:      kennysheep_big_flooded_room, layout_basic, basic_altar
D:3:      layout_loops_cross, lemuel_tele_altar, amcnicky_altar_gilded,
          uniq_jessica, uniq_terence

Skill      XL: |  1  2  3 |
---------------+----------+-----
Ranged Weapons | 6 7 |  7.5
Fighting       | |  1.5
Dodging        | |  2.4
Stealth        | |  1.2

Action                     |  1- 3 |  4- 6 || total
---------------------------+-------+-------++-------
   Fire: Shortbow          |   101 |    16 ||   117
    Use: Scroll            |     4 |     1 ||     5
         Potion            |     3 |       ||     3
 Armour: Ring mail         |    13 |       ||    13
  Dodge: Dodged            |    29 |     3 ||    32

Table legend:
 A = Non-vault XP
 B = Vault XP
 C = Vault XP percentage of total XP
 D = Non-vault monster count
 E = Vault monster count
 F = Vault count percentage of total count
                 A         B        C        D         E       F
            +---------+---------+-------+---------+---------+-------
      Total |      97 |       8 |   7.6 |      31 |       4 |  11.4
            +---------+---------+-------+---------+---------+-------
        D:1 |       6 |       4 |  40.0 |       4 |       2 |  33.3
        D:2 |      51 |       4 |   7.3 |      20 |       2 |   9.1
        D:3 |      40 |       0 |   0.0 |       7 |       0 |   0.0
            +---------+---------+-------+---------+---------+-------
